 Dungeon Crawl Stone Soup version 0.28.0-45-g0d030f2227 (webtiles) character file.

Game seed: 3565540530005867880

620584 protoss039 the Conqueror (level 27, 0/298 HPs)
             Began as a Gargoyle Gladiator on Apr 11, 2022.
             Was an Elder of Okawaru.
             Slain by a reaper
             ... wielding a +2 scythe of venom
              (12 damage)
             ... in the Vestibule of Hell on Apr 12, 2022.
             The game lasted 03:55:23 (67709 turns).

protoss039 the Conqueror (Gargoyle Gladiator)      Turns: 67709, Time: 03:55:24

Health: 0/298      AC: 70    Str: 28      XL:     27
Magic:  24/24      EV:  9    Int:  0 (8)  God:    Okawaru [****..]
Gold:   7874       SH: 31    Dex: 10 (12) Spells: 26/26 levels left

rFire   + + +      SeeInvis +   a - +9 war axe of Tohud {vamp, rPois Will++ Dex+3}
rCold   + + .      Faith    .   I - +0 tower shield
rNeg    + + +      Spirit   .   X - +15 Maxwell's patent armour {-Cast -Tele rElec Will+ rCorr}
rPois   ∞          Reflect  +   p - +0 helmet "Qorierey" {rC+ rN+ Regen+ Str-4}
rElec   +          Harm     .   V - scarf {rC+ rF+}
rCorr   +          Rampage  +   c - +3 pair of gauntlets of War {Slay+5}
Will    +++++      NoTele   +   Y - +2 pair of boots {rampage}
Stlth   .......... NoCast   +   T - amulet of Starshine {Reflect rN+ Int+4 SH+5}
HPRegen 1.39/turn               m - ring of protection from fire
MPRegen 0.19/turn               K - ring of the Devouring Seeker {rN+ Will+ Int-5 SInv}

@: berserking, spiked, flying, slowed, lost intelligence, studying 3 skills,
unable to read
A: sickness immunity, AC +20, big wings, negative energy resistance 1,
electricity resistance, torment resistance 1, petrification resistance,
iridescent scales 1, large bone plates 1, clumsy 1, fire resistance 1, low MP 3,
teleportitis 1, subdued magic 1
}: 4/15 runes: barnacled, slimy, silver, gossamer
a: Renounce Religion, Heroism, Finesse


You were in the Vestibule of Hell.
You worshipped Okawaru.
Okawaru was greatly pleased with you.
You visited 12 branches of the dungeon, and saw 55 of its levels.
You visited the Abyss 3 times.
You also visited: Trove, Sewer, Ossuary and Ice Cave.

You collected 12083 gold pieces.
You spent 4209 gold pieces at shops.

Inventory:

Hand Weapons
 a - the +9 war axe of Tohud (weapon) {vamp, rPois Will++ Dex+3}
   (You took it off a hobgoblin on level 4 of the Dungeon)

   It occasionally heals its wielder for a portion of the damage dealt when it
   wounds a living foe.
   Dex:       It affects your dexterity (+3).
   rPois:     It protects you from poison.
   Will:      It greatly increases your willpower.
 j - the +10 morningstar "Eos" {elec, Halo rElec}
   (You took it off an orc on level 5 of the Vaults)

   It occasionally discharges a powerful burst of electricity upon striking a
   foe.
   It grants its wielder a halo, increasing accuracy against those within it.
   rElec:     It insulates you from electricity.
 n - a +9 broad axe of flaming
 D - a +4 eveningstar of freezing
Missiles
 d - 7 throwing nets (quivered)
 M - 22 silver javelins
Armour
 c - the +3 pair of gauntlets of War (worn) {Slay+5}
   (You acquired it on level 5 of the Vaults)

   Slay:      It affects your accuracy & damage with ranged weapons and melee
   (+5).
 p - the +0 helmet "Qorierey" (worn) {rC+ rN+ Regen+ Str-4}
   (Okawaru gifted it to you on level 2 of the Orcish Mines)

   Str:       It affects your strength (-4).
   rC:        It protects you from cold.
   rN:        It protects you from negative energy.
   Regen:     It increases your rate of health regeneration.
 I - a +0 tower shield (worn)
 L - the +8 crystal plate armour of Foolhardiness {rPois Str+6 Int+3 Dex-3}
   (You acquired it on level 7 of the Dungeon)

   Str:       It affects your strength (+6).
   Int:       It affects your intelligence (+3).
   Dex:       It affects your dexterity (-3).
   rPois:     It protects you from poison.
 V - a scarf of resistance (worn)
 X - the +15 Maxwell's patent armour (worn) {-Cast -Tele rElec Will+ rCorr}
   (You took it off a merfolk on level 4 of the Shoals)

   rElec:     It insulates you from electricity.
   -Cast:     It prevents spellcasting.
   -Tele:     It prevents most forms of teleportation.
   rCorr:     It protects you from acid and corrosion.
   Will:      It increases your willpower.
 Y - a +2 pair of boots of rampaging (worn)
Jewellery
 b - the ring "Jaikh" {rElec rPois rC+++ Dex-3 SInv}
   (You acquired it on level 15 of the Dungeon)

   [ring of see invisible]

   Dex:       It affects your dexterity (-3).
   rC:        It renders you almost immune to cold.
   rElec:     It insulates you from electricity.
   rPois:     It protects you from poison.
   SInv:      It lets you see invisible.
 l - the ring "Raqilu" {rCorr EV+4 Stlth+}
   (You acquired it on level 2 of the Spider Nest)

   [ring of evasion]

   EV:        It affects your evasion (+4).
   rCorr:     It protects you from acid and corrosion.
   Stlth:     It makes you more stealthy.
 m - a ring of protection from fire (left hand)
 u - the ring "Inurphofy" {rN+ Will+}
   (You found it on level 3 of the Elven Halls)

   [ring of positive energy]

   rN:        It protects you from negative energy.
   Will:      It increases your willpower.
 K - the ring of the Devouring Seeker (right hand) {rN+ Will+ Int-5 SInv}
   (You found it in a treasure trove)

   [ring of positive energy]

   Int:       It affects your intelligence (-5).
   rN:        It protects you from negative energy.
   SInv:      It lets you see invisible.
   Will:      It increases your willpower.
 T - the amulet of Starshine (around neck) {Reflect rN+ Int+4 SH+5}
   (You acquired it on level 6 of the Lair of Beasts)

   [amulet of reflection]

   It reflects blocked missile attacks.
   Int:       It affects your intelligence (+4).
   rN:        It protects you from negative energy.
   SH:        It affects your SH (+5).
Wands
 r - a wand of paralysis (46)
 H - a wand of polymorph (32)
 N - a wand of digging (43)
 Q - a wand of iceblast (34)
 R - a wand of acid (14)
 S - a wand of flame (93)
 U - a wand of mindburst (17)
Scrolls
 g - 14 scrolls of fear
 i - 6 scrolls of blinking
 o - 2 scrolls of holy word
 q - 13 scrolls of immolation
 t - 5 scrolls of magic mapping
 y - 31 scrolls of teleportation
 A - 8 scrolls of enchant armour
 P - 10 scrolls of fog
 W - 2 scrolls of silence
Potions
 e - 9 potions of haste
 f - 27 potions of curing
 h - 11 potions of ambrosia
 v - 9 potions of attraction
 w - 8 potions of might
 x - 9 potions of mutation
 z - 2 potions of invisibility
 B - 7 potions of brilliance
 E - 8 potions of magic
 G - 4 potions of heal wounds
 O - 4 potions of cancellation
Miscellaneous
 F - a condenser vane


   Skills:
 O Level 27 Fighting
 - Level 23.0(24.5) Axes
 + Level 16.3(22.4) Maces & Flails
 - Level 2.0 Throwing
 + Level 25.5 Armour
 - Level 3.0 Dodging
 - Level 24.0 Shields
 * Level 15.7 Invocations


You had 26 spell levels left.
You didn't know any spells.
Your spell library contained the following spells:

 Spells                   Type           Power      Damage    Failure   Level
 Foxfire                  Conj/Fire      0%         2x1d4     96%         1
 Magic Dart               Conj           0%         1d3       96%         1
 Pain                     Necr           0%         1d4       96%         1
 Corpse Rot               Necr/Air       0%         N/A       99%         2
 Ensorcelled Hibernation  Hex/Ice        0%         N/A       99%         2
 Passwall                 Tmut/Erth      0%         N/A       99%         2
 Poisonous Vapours        Pois/Air       0%         N/A       99%         2
 Scorch                   Fire           0%         2d5       99%         2
 Searing Ray              Conj           0%         2d4       99%         2
 Static Discharge         Conj/Air       0%         N/A       99%         2
 Conjure Flame            Conj/Fire      0%         6-21      100%        3
 Frozen Ramparts          Ice            0%         1d2       100%        3
 Gell's Gravitas          Tloc           0%         N/A       100%        3
 Ignite Poison            Fire/Tmut/Pois 0%         N/A       100%        3
 Inner Flame              Hex/Fire       0%         N/A       100%        3
 Mephitic Cloud           Conj/Pois/Air  0%         N/A       100%        3
 Ozocubu's Armour         Ice            0%         N/A       100%        3
 Portal Projectile        Hex/Tloc       0%         N/A       100%        3
 Spider Form              Tmut/Pois      0%         N/A       100%        3
 Swiftness                Air            0%         N/A       100%        3
 Teleport Other           Tloc           0%         N/A       100%        3
 Vampiric Draining        Necr           0%         2d6       100%        3
 Anguish                  Hex/Necr       0%         N/A       100%        4
 Cause Fear               Hex            0%         N/A       100%        4
 Flame Wave               Conj/Fire      0%         2d4       100%        4
 Fulminant Prism          Conj/Hex       0%         3d6       100%        4
 Ice Form                 Ice/Tmut       0%         N/A       100%        4
 Leda's Liquefaction      Hex/Erth       0%         N/A       100%        4
 Olgreb's Toxic Radiance  Pois           0%         N/A       100%        4
 Passage of Golubria      Tloc           0%         N/A       100%        4
 Petrify                  Tmut/Erth      0%         N/A       100%        4
 Sticky Flame             Conj/Fire      0%         2d3       100%        4
 Agony                    Necr           0%         N/A       100%        5
 Alistair's Intoxication  Tmut/Pois      0%         N/A       100%        5
 Blade Hands              Tmut           0%         N/A       100%        5
 Excruciating Wounds      Necr           0%         N/A       100%        5
 Irradiate                Conj/Tmut      0%         3d13      100%        5
 Lee's Rapid Deconstruct  Erth           0%         3d5*      100%        5
 Lightning Bolt           Conj/Air       0%         1d11      100%        5
 Silence                  Hex/Air        0%         N/A       100%        5
 Yara's Violent Unravell  Hex/Tmut       0%         3d3       100%        5
 Dispersal                Tloc           0%         N/A       100%        6
 Eringya's Noxious Bog    Tmut/Pois      0%         N/A       100%        6
 Iron Shot                Conj/Erth      0%         9d1       100%        6
 Dragon Form              Tmut           0%         N/A       100%        7
 Enfeeble                 Hex            0%         N/A       100%        7
 Orb of Destruction       Conj           0%         9d5       100%        7
 Ozocubu's Refrigeration  Ice            0%         4d5       100%        7
 Discord                  Hex            0%         N/A       100%        8
 Ignition                 Fire           0%         3d3       100%        8
 Lehudib's Crystal Spear  Conj/Erth      0%         10d2      100%        8
 Maxwell's Capacitive Co  Air            0%         ∞         100%        8
 Chain Lightning          Conj/Air       0%         N/A       100%        9
 Fire Storm               Conj/Fire      0%         5d1       100%        9
 Shatter                  Erth           0%         3d5*      100%        9
 Animate Skeleton         Necr           Unusable   N/A       N/A         1
 Sublimation of Blood     Necr           Unusable   N/A       N/A         2
 Call Canine Familiar     Summ           Unusable   N/A       N/A         3
 Summon Guardian Golem    Hex/Summ       Unusable   N/A       N/A         3
 Tukima's Dance           Hex            Unusable   N/A       N/A         3
 Animate Armour           Summ/Erth      Unusable   N/A       N/A         4
 Summon Ice Beast         Ice/Summ       Unusable   N/A       N/A         4
 Statue Form              Tmut/Erth      Unusable   N/A       N/A         6
 Summon Cactus Giant      Summ           Unusable   N/A       N/A         6
 Spellforged Servitor     Conj/Summ      Unusable   N/A       N/A         7
 Dragon's Call            Summ           Unusable   N/A       N/A         9

Dungeon Overview and Level Annotations

Branches:
Dungeon (15/15)            Temple (1/1) D:7            Lair (6/6) D:10
 Shoals (4/4) Lair:3       Spider (4/4) Lair:4        Slime (5/5) Lair:6
    Orc (2/2) D:11            Elf (3/3) Orc:2        Vaults (5/5) D:13
  Crypt (0/3) Vaults:2     Depths (4/4) D:15           Hell (1/1)
    Zot (5/5) Depths:4      Sewer (visited)         Ossuary (visited)
  IceCv (visited)
    Dis: Hell:1         Geh: Hell:1         Coc: Hell:1         Tar: Hell:1

Altars:
Ashenzari
Cheibriados
Dithmenos
Elyvilon
Fedhas
Gozag
Hepliaklqana
Kikubaaqudgha
Makhleb
Nemelex Xobeh
Okawaru
Qazlal
Ru
Sif Muna
Trog
Uskayaw
Vehumet
Wu Jian
Xom
Yredelemnul
Zin
The Shining One
Beogh
Jiyva

Shops:
D:1 ?=((   D:3 [   D:5 (   D:8 (:?   D:13 *   Orc:2 [=*(   Elf:2 ?:==
Elf:3 :[*[*   Shoals:4 [(   Vaults:2 [   Vaults:5 !?

Portals:
Hell: Depths:1 Depths:2 Depths:3 Depths:4
Abyss: Depths:3 Depths:4
Pandemonium: Depths:2
Ziggurat: Depths:2

Annotations:
D:4 2 transporters
D:8 exclusion: door
Orc:2 2 transporters, atarun's ghost, journeyman MiBe
Vaults:4 2 transporters, quaternion's ghost, veteran MiFi
Hell Geryon


Innate Abilities, Weirdness & Mutations

You are immune to sickness and miasma.
Your stone body is resilient. (AC +20)
You are immune to poison.
Your large and strong wings let you fly.
You resist negative energy. (rN+)
You are resistant to electric shocks. (rElec)
You are resistant to unholy torment.
You are immune to petrification.
You are partially covered in iridescent scales. (AC +2)
You are partially covered in large bone plates. (SH +4)
You are clumsy. (Dex -2)
Your flesh is heat resistant. (rF+)
Your magical capacity is extremely low. (-30% MP)
You are occasionally teleported next to monsters.
Your spells are a little easier to cast, but a little less powerful.


Message History

Unknown command.
You completely miss the hell hog. You hit the ancient champion.
You slash the ancient champion! You slice the sun demon!!
You kill the sun demon!
Okawaru accepts your kill.
You closely miss the hell beast. You slash the hell beast!
You slice the hell hog!! You closely miss the reaper.
You block the ancient champion's attack.
The hell knight hits you but does no damage.
Space warps around you.
* * * LOW HITPOINT WARNING * * *
A hell hog comes into view.
The ancient champion barely misses you. You block the hell beast's attack.
The hell beast tramples you but does no damage.
You block the hell beast's attack.
The hell beast tramples you but does no damage.
The phantasmal warrior gestures at you.
The phantasmal warrior blinks!
The red devil hits you but does no damage.
The hell hog bites you but does no damage. x2
The ancient champion casts a spell at you.
The iron shot hits you but does no damage.
The hell hog squeals angrily.
Unknown command.
Unknown command.
Unknown command.
You slice the hell hog!!
The hell hog is almost dead.
You miss the hell beast. You slice the hell beast!!
You hit the ancient champion. You slice the ancient champion!!
You slice the hell hog!! You closely miss the reaper.
You block the hell knight's attack. The ancient champion barely misses you.
Geryon roars, "Scamper home whilst thou are able!"
Geryon winds a great silver horn.
You block the hell beast's attack.
The hell beast tramples you but does no damage.
The hell beast bites you but does no damage.
You block the hell beast's attack.
The reaper hits you with a +2 scythe of venom!
You die...

##.. ..##
##...#...##
##...#.#...##
..#..W..#.. # #.
#.......# .##
...#..p....#...#
....2.22........
....&2h@z.......
.....42hz.......
...#..Wp4†.#...#
# #...2...# .##
#..#.....#..
##...#.#...##
##..h#...## ##..
..## #. ##


You could see Geryon (fast), 4 hell beasts, 2 reapers, 2 ancient champions, 2
hell knights, 3 hell hogs, 2 phantasmal warriors, an ice devil and a red devil.

Vanquished Creatures
  the Royal Jelly (Slime:5)
  Dissolution (Slime:3)
  5 ancient liches
  3 dread liches
  5 orbs of fire
  Mara (Arena)
  6 Killer Klowns (Zot:5)
  Saint Roka (Arena)
  4 caustic shrikes (Depths:2)
  9 golden dragons
  3 curse toes
  4 profane servitors
  Arachne (Spider:2)
  Jorgrun (Elf:2)
  The ghost of Nyzosoo the Shatterer, an adept OgBe of Trog (Elf:1)
  6 bone dragons
  14 tentacled monstrosities
  A walking crystal tome (Depths:2)
  5 electric golems
  A hellephant (Abyss:1)
  8 liches
  A walking frostbound tome (Depths:3)
  The ghost of zielscheibe the Lord of Darkness, an adept DsNe of Kikubaaqudgha (Vaults:1)
  25 Orb Guardians (Zot:5)
  7 titans
  6 deep elf blademasters
  2 deep elf master archers (Elf:3)
  6 quicksilver dragons
  20 acid blobs
  Polyphemus (Shoals:4)
  A kraken (Shoals:2)
  A sphinx (shapeshifter) (Vaults:4)
  11 death cobs
  40 tentacled starspawn
  Gastronok (Lair:3)
  11 shadow dragons
  5 sphinxes
  6 tengu reavers
  15 storm dragons
  6 draconian monks
  3 daevas
  Ilsuiw (Shoals:4)
  15 azure jellies
  11 rockslimes
  5 draconian knights
  14 vault wardens
  10 fire giants
  5 deep elf sorcerers
  8 draconian shifters
  15 frost giants
  3 orc warlords
  3 emperor scorpions (Spider:4)
  4 draconian scorchers
  2 balrugs (Depths:3)
  7 deep elf elementalists
  2 cacodemons
  4 ghost moths
  Aizul (Shoals:1)
  A broodmother (Spider:4)
  10 quicksilver oozes
  2 spriggan defenders (Depths:2)
  20 ironbound preservers
  A ghoul (Abyss:3)
  3 draconian stormcallers
  An angel (Abyss:5)
  3 reapers
  20 stone giants
  7 draconian annihilators
  54 very ugly things
  A war gargoyle (Vaults:5)
  3 vampire knights
  11 green draconians
  8 ironbound thunderhulks
  9 deep elf demonologists
  9 black draconians
  11 yellow draconians
  5 deep elf annihilators
  3 entropy weavers
  7 red draconians
  2 spark wasps
  The ghost of Dootley the Carver, a journeyman FoFi of Dithmenos (Orc:1)
  2 lorocyprocas
  11 white draconians
  An eidolon (Abyss:3)
  3 blizzard demons
  13 dire elephants
  2 green deaths
  12 purple draconians
  11 deep elf death magi
  8 merfolk javelineers
  5 fire dragons
  2 quicksilver dragon zombies
  11 merfolk impalers
  10 ettins
  10 yaktaur captains
  33 vault guards
  2 deep elf high priests (Elf:3)
  21 great orbs of eyes
  A quicksilver dragon skeleton (Abyss:4)
  A great orb of eyes (shapeshifter) (Vaults:4)
  Harold (D:8)
  A peacekeeper (Vaults:4)
  10 hydras
  9 boulder beetles
  6 spriggan air magi
  3 ogre magi
  11 ice dragons
  8 rakshasas
  12 ironbound frosthearts
  2 merfolk avatars (Shoals:1)
  An alligator snapping turtle (Shoals:4)
  4 satyrs
  2 catoblepae
  7 merfolk aquamancers
  A death knight (D:13)
  4 tengu warriors
  23 centaur warriors
  2 jorogumos
  32 dancing weapons
  2 deep troll shamans
  7 two-headed ogres
  19 death yaks
  2 vampire magi
  A spectral dire elephant (Lair:6)
  2 orc high priests
  52 thrashing horrors
  17 deep elf knights
  8 hell hogs
  7 deep troll earth magi
  4 spriggan berserkers
  7 soul eaters
  Nergalle (Orc:1)
  31 wretched stars
  10 hell knights
  11 sun demons
  A spectral death yak (Lair:6)
  4 shadow wraiths
  A titan skeleton (Depths:3)
  5 spriggans
  15 spatial maelstroms
  5 iron trolls
  3 pharaoh ants
  An anaconda zombie (Abyss:2)
  6 sixfirhies
  A sun moth (Spider:4)
  A death drake (Abyss:4)
  19 skeletal warriors
  A storm dragon skeleton (Depths:3)
  75 starcursed masses
  A spectral anaconda (Lair:6)
  57 deep trolls
  3 flayed ghosts
  An obsidian statue (Lair:6)
  2 orb spiders (Spider:1)
  8 sea snakes
  A kraken simulacrum (Shoals:2)
  2 shadow demons
  3 steelbarb worms
  A tengu zombie (Depths:3)
  3 phantasmal warriors (Vaults:5)
  An orange crystal statue (IceCv)
  8 deep elf archers
  A sea snake (shapeshifter) (Abyss:1)
  12 wizards
  10 ironbound convokers
  13 orc knights
  2 sphinx zombies
  11 harpies
  12 necromancers
  9 lindwurms
  27 deep elf zephyrmancers
  2 fire giant zombies
  7 glowing orange brains
  A bunyip skeleton (Abyss:1)
  29 deep elf pyromancers
  A mana viper (Abyss:3)
  11 manticores
  22 moths of wrath
  61 ugly things
  15 wolf spiders
  4 orc sorcerers
  An oklob plant (Lair:6)
  6 shining eyes
  3 tengu skeletons (Vaults:2)
  21 fauns
  13 worldbinders
  5 cyclopes
  3 will-o-the-wisps
  A guardian serpent (shapeshifter) (Vaults:5)
  4 black mambas
  6 torpor snails
  25 elephants
  13 merfolk sirens
  A stone giant skeleton (Abyss:3)
  5 rust devils
  A moth of wrath (shapeshifter) (Vaults:3)
  14 vault sentinels
  A cane toad (shapeshifter) (Vaults:5)
  12 water nymphs
  3 apocalypse crabs
  9 eyes of devastation
  4 orange demons
  8 cane toads
  24 smoke demons
  2 centaur skeletons (Abyss:2)
  An alligator snapping turtle zombie (Abyss:1)
  Psyche (D:8)
  2 gargoyles (D:12)
  4 hellions
  9 demonic crawlers
  2 kobold demonologists (D:11)
  5 unseen horrors
  7 freezing wraiths
  18 rime drakes
  8 komodo dragons
  3 human skeletons (Vaults:2)
  6 hellwings
  3 tengu conjurers
  A tormentor (Abyss:1)
  8 efreet
  2 ice devils
  An anaconda simulacrum (D:15)
  14 yaktaurs
  An entropy weaver simulacrum (D:15)
  25 ancient zymes
  6 meliai
  2 red devils
  3 guardian mummies
  6 trolls
  A polar bear (shapeshifter) (Abyss:3)
  3 wind drakes
  A queen bee (shapeshifter) (Abyss:2)
  A yaktaur skeleton (Vaults:2)
  A merfolk (shapeshifter) (D:15)
  24 polar bears
  34 merfolk
  85 slime creatures
  15 blink frogs
  16 tarantellas
  10 hornets
  35 raiju
  9 snapping turtles
  2 spriggan zombies (D:15)
  21 jumping spiders
  20 dream sheep
  2 deep troll skeletons (Vaults:2)
  81 large abominations
  15 flying skulls
  15 culicivoras
  3 shadows
  7 wraiths
  11 ynoxinuls
  3 centaur simulacra
  7 vampires
  75 yaks
  6 fire bats
  22 water elementals
  3 fire elementals
  5 wyverns
  A hog (shapeshifter) (Abyss:2)
  Grum (D:8)
  4 golden eyes
  2 alligator snapping turtle simulacra (Shoals:2)
  3 sea snake simulacra (Shoals:2)
  7 basilisks
  2 dire elephant simulacra
  2 minotaur simulacra (D:15)
  28 chaos spawn
  5 death yak simulacra
  38 redbacks
  21 neqoxecs
  11 vampire mosquitoes
  An elf skeleton (Vaults:2)
  A redback simulacrum (D:15)
  3 harpy simulacra (Shoals:2)
  5 wargs
  A naga zombie (Abyss:1)
  19 spatial vortices
  15 water moccasins
  3 acid dragons
  2 hell hounds
  4 floating eyes
  A floating eye (shapeshifter) (Vaults:4)
  A black bear (D:10)
  An alligator simulacrum (D:15)
  4 ice beasts
  A sky beast (Abyss:2)
  A black bear (shapeshifter) (D:14)
  34 orc warriors
  An elephant zombie (Lair:6)
  12 ogres
  2 satyr simulacra (Shoals:2)
  11 wolves
  A wolf (shapeshifter) (Vaults:5)
  A boggart (Vaults:1)
  3 phantoms
  13 centaurs
  2 kobold brigands
  11 bullfrogs
  A faun simulacrum (Shoals:2)
  2 scorpions (D:6)
  2 merfolk simulacra (Shoals:2)
  3 cane toad simulacra (Lair:6)
  2 deep troll simulacra (D:15)
  2 earth elementals
  A snapping turtle simulacrum (Shoals:2)
  3 elephant simulacra (Lair:6)
  A killer bee (shapeshifter) (Vaults:5)
  13 killer bees
  A manticore simulacrum (Shoals:2)
  8 wights
  4 howler monkeys
  8 centaur zombies
  12 quasits
  65 small abominations
  2 hounds
  4 iron imps
  5 jellies (Slime:3)
  27 orc priests
  2 cyclops simulacra (Shoals:2)
  An iguana (D:6)
  28 orc wizards
  A scorpion zombie (D:5)
  7 hell rats (Hell)
  4 mummies (Ossuary)
  A howler monkey zombie (D:6)
  Robin (D:4)
  3 gnolls (D:7)
  6 adders
  A river rat (D:5)
  2 shadow imps
  8 white imps
  7 ufetubi
  An adder skeleton (D:4)
  An adder zombie (D:5)
  2 worms (D:5)
  A dart slug (D:1)
  75 orcs
  12 endoplasms
  4 giant cockroaches
  3 gnoll zombies (Ossuary)
  A hobgoblin (shapeshifter) (Depths:4)
  4 hobgoblins
  4 jackals
  28 kobolds
  5 quokkas
  11 ball pythons
  8 bats
  7 frilled lizards
  13 goblins (D:4)
  A goblin zombie (Ossuary)
  A kobold zombie (Ossuary)
  11 rats
  A lurking horror (Abyss:3)
  50 starspawn tentacles
  4 tentacles (Shoals:2)
3131 creatures vanquished.

Vanquished Creatures (others)
  A dread lich (Vaults:5)
  Margery (Arena)
  A bone dragon (Abyss:4)
  A draconian knight (Zot:3)
  A ghost moth (Abyss:4)
  A frost giant (Depths:2)
  A deep elf high priest (Vaults:5)
  An ettin (Depths:2)
  An ice dragon (Depths:2)
  A death knight (Abyss:3)
  A wretched star (Abyss:4)
  2 wizards (Vaults:2)
  3 deep elf zephyrmancers (Elf:1)
  An orc knight (Vaults:5)
  A tengu conjurer (Depths:2)
  A merfolk (Shoals:4)
  A jumping spider (Spider:2)
  2 water elementals
  A neqoxec (Abyss:3)
  An orc warrior (Vaults:5)
  A small abomination (Abyss:3)
  An ufetubus (Abyss:3)
  2 orcs (Vaults:5)
  8 foxfires
  93 fungi
  5 lurking horrors
  310 plants
  91 starspawn tentacles
  7 tentacles (Shoals:2)
  23 withered plants
565 creatures vanquished.

Grand Total: 3696 creatures vanquished

Notes
Turn   | Place    | Note
-------+----------+-------------------------------------------
     0 | D:1      | protoss039 the Gargoyle Gladiator began the quest for the
                  | Orb.
     0 | D:1      | Reached XP level 1. HP: 12/12 MP: 1/1
    22 | D:1      | Found Danel's Antique Weapon Emporium.
    36 | D:1      | Reached XP level 2. HP: 9/17 MP: 2/2
   197 | D:1      | Found Ysuif's Jewellery Boutique.
   253 | D:1      | Found Kiagefai's Weapon Shop.
   381 | D:1      | Found Gieto's Magic Scroll Emporium.
   671 | D:1      | Bought a scroll of identify for 24 gold pieces
   814 | D:1      | Reached XP level 3. HP: 16/22 MP: 3/3
  1553 | D:3      | Reached skill level 3 in Fighting
  1633 | D:3      | Found a faded altar of an unknown god.
  1795 | D:3      | Found Hoilire's Armour Emporium.
  1806 | D:3      | Reached XP level 4. HP: 28/28 MP: 4/4
  1895 | D:3      | Identified the +5 whip of Destruction {flame, Dex+7}
  2041 | D:3      | Reached skill level 1 in Armour
  2555 | D:4      | Noticed Robin
  2579 | D:4      | Reached XP level 5. HP: 31/32 MP: 5/5
  2582 | D:4      | Killed Robin
  2608 | D:4      | Found a glowing golden altar of the Shining One.
  2683 | D:4      | Noticed a phantom
  2694 | D:4      | Killed a phantom
  2729 | D:4      | Found a transporter.
  2752 | D:4      | Found a transporter.
  2775 | D:4      | Reached skill level 4 in Fighting
  2775 | D:4      | Reached XP level 6. HP: 18/38 MP: 6/6
  3079 | D:4      | Identified the +9 war axe of Tohud {vamp, rPois Will++
                  | Dex+3}
  3268 | D:4      | Noticed an ice beast
  3286 | D:4      | Killed an ice beast
  3772 | D:5      | Entered Level 5 of the Dungeon
  3777 | D:5      | Reached XP level 7. HP: 28/44 MP: 7/7
  3992 | D:5      | Found a glowing drain.
  4000 | Sewer    | Entered a sewer
  4167 | Sewer    | Reached skill level 5 in Maces & Flails
  4195 | Sewer    | Reached skill level 5 in Armour
  4659 | D:5      | Found Zidodosm's Weapon Emporium.
  4901 | D:6      | Reached skill level 5 in Fighting
  4902 | D:6      | Found a sand-covered staircase.
  4910 | Ossuary  | Entered an ossuary
  5209 | D:6      | Reached XP level 8. HP: 49/49 MP: 8/8
  6157 | D:7      | Noticed a shadow
  6287 | D:7      | Found a staircase to the Ecumenical Temple.
  6331 | D:7      | Reached skill level 6 in Fighting
  6389 | D:7      | Noticed a wyvern
  6398 | D:7      | Killed a wyvern
  6534 | D:7      | Noticed a slime creature
  6535 | D:7      | Noticed a yak
  6552 | Temple   | Entered the Ecumenical Temple
  6823 | Temple   | Became a worshipper of Warmaster Okawaru
  7010 | D:7      | Reached skill level 1 in Invocations
  7010 | D:7      | Reached XP level 9. HP: 56/56 MP: 8/10
  7342 | D:7      | Reached * piety under Okawaru
  7354 | D:7      | Reached skill level 1 in Shields
  7576 | D:7      | Reached skill level 7 in Fighting
  7625 | D:7      | Identified 3 scrolls of acquirement
  7626 | D:7      | Acquired the +8 crystal plate armour of Foolhardiness
                  | {rPois Str+6 Int+3 Dex-3}
  7639 | D:7      | Acquired 879 gold pieces
  7644 | D:8      | Found Sauxt's Antique Weapon Emporium.
  7882 | D:1      | Bought a scroll of identify for 24 gold pieces
  7882 | D:1      | Bought a scroll of fog for 24 gold pieces
  7882 | D:1      | Bought a scroll of teleportation for 36 gold pieces
  7882 | D:1      | Bought a scroll of fear for 42 gold pieces
  7882 | D:1      | Bought a scroll of teleportation for 36 gold pieces
  7882 | D:1      | Bought a scroll of identify for 24 gold pieces
  7884 | D:1      | Bought a scroll of vulnerability for 90 gold pieces
  8103 | D:8      | Found Ysmiwean's Magic Scroll Boutique.
  8112 | D:8      | Bought a scroll of identify for 24 gold pieces
  8112 | D:8      | Bought a scroll of identify for 24 gold pieces
  8112 | D:8      | Bought a scroll of teleportation for 36 gold pieces
  8112 | D:8      | Bought a scroll of magic mapping for 42 gold pieces
  8119 | D:8      | Found Nidghonla's Book Shoppe.
  8129 | D:8      | Reached ** piety under Okawaru
  8235 | D:8      | Found a sparkling altar of Nemelex Xobeh.
  8409 | D:8      | Reached XP level 10. HP: 55/63 MP: 13/13
  8463 | D:8      | Found a shimmering blue altar of Sif Muna.
  8501 | D:8      | Noticed Grum
  8503 | D:8      | Noticed Psyche
  8509 | D:8      | Killed Grum
  8510 | D:8      | Reached skill level 5 in Invocations
  8513 | D:8      | Killed Psyche
  8514 | D:8      | Reached skill level 8 in Fighting
  8540 | D:8      | Noticed Harold
  8556 | D:8      | Killed Harold
  8556 | D:8      | Reached *** piety under Okawaru
  8576 | D:8      | Found a blossoming altar of Fedhas.
  8829 | D:8      | Bought a runed broad axe for 217 gold pieces
  8831 | D:8      | Bought a runed war axe for 201 gold pieces
  8851 | D:8      | Bought a scroll of brand weapon for 240 gold pieces
  9052 | D:9      | Found a radiant altar of Vehumet.
  9054 | D:9      | Found a shimmering altar of Xom.
  9054 | D:9      | Found a shimmering altar of Xom.
  9056 | D:9      | Found a glowing golden altar of the Shining One.
  9056 | D:9      | Found a basalt altar of Yredelemnul.
  9056 | D:9      | Found a radiant altar of Vehumet.
  9631 | D:9      | Reached **** piety under Okawaru
  9632 | D:9      | Reached skill level 9 in Fighting
  9642 | D:9      | Reached skill level 5 in Shields
  9989 | D:10     | Entered Level 10 of the Dungeon
 10011 | D:10     | Reached XP level 11. HP: 71/71 MP: 14/16
 10011 | D:10     | Found a shadowy altar of Dithmenos.
 10061 | D:10     | Noticed a two-headed ogre
 10074 | D:10     | Killed a two-headed ogre
 10113 | D:10     | Found a staircase to the Lair.
 10123 | D:10     | Reached skill level 10 in Fighting
 10269 | D:10     | Found a sacrificial altar of Ru.
 10313 | D:10     | Reached ***** piety under Okawaru
 10376 | D:10     | Found an ornate altar of the Wu Jian Council.
 10814 | D:11     | Found a staircase to the Orcish Mines.
 11299 | D:11     | Reached skill level 11 in Fighting
 11755 | D:11     | Received a gift from Okawaru
 12600 | D:12     | Noticed a boulder beetle
 12624 | D:12     | Killed a boulder beetle
 12624 | D:12     | Received a gift from Okawaru
 12625 | D:12     | Reached XP level 12. HP: 81/81 MP: 18/18
 12763 | D:12     | Reached skill level 12 in Fighting
 12872 | D:12     | Noticed an eight-headed hydra
 12878 | D:12     | Killed a four-headed hydra
 13038 | D:12     | Noticed an eight-headed hydra
 13048 | D:12     | Killed a three-headed hydra
 13048 | D:12     | Received a gift from Okawaru
 13301 | D:12     | Paralysed by a floating eye for 2 turns
 13417 | D:12     | Noticed an ogre mage
 13429 | D:12     | Killed an ogre mage
 13429 | D:12     | Reached ****** piety under Okawaru
 13430 | D:12     | Reached skill level 13 in Fighting
 13744 | Lair:1   | Entered Level 1 of the Lair of Beasts
 13798 | Lair:1   | Received a gift from Okawaru
 13865 | Lair:1   | Found a transporter.
 13867 | Lair:1   | Found a transporter.
 13876 | Lair:1   | Noticed a boulder beetle
 13903 | Lair:1   | Reached skill level 14 in Fighting
 13946 | Lair:1   | Identified the +7 quarterstaff "Vunuap" {drain, rC- Str+6}
                  | (Okawaru gifted it to you on level 1 of the Lair of Beasts)
 13946 | Lair:1   | Received a gift from Okawaru
 13978 | Lair:1   | Noticed a four-headed hydra
 13983 | Lair:1   | Killed a one-headed hydra
 13984 | Lair:1   | Reached XP level 13. HP: 81/91 MP: 19/19
 14085 | Lair:1   | Reached skill level 15 in Fighting
 14089 | Lair:1   | Acquired 706 gold pieces
 14091 | Lair:1   | Acquired the +2 pair of boots of Masochism {rElec SInv}
 14961 | Lair:2   | Received a gift from Okawaru
 15119 | Lair:2   | Reached skill level 16 in Fighting
 15700 | Lair:3   | Received a gift from Okawaru
 15701 | Lair:3   | Reached skill level 10 in Armour
 15701 | Lair:3   | Reached skill level 10 in Shields
 15980 | Lair:3   | Found a staircase to the Shoals.
 16107 | Lair:3   | Noticed Gastronok
 16125 | Lair:3   | Killed Gastronok
 16358 | Lair:3   | Reached skill level 17 in Fighting
 16816 | Lair:4   | Gained mutation: Your large and strong wings let you fly.
                  | [Gargoyle growth]
 16816 | Lair:4   | Reached XP level 14. HP: 69/102 MP: 20/20
 17202 | Lair:4   | Identified the +7 crystal plate armour of Irghoikum {+Blink
                  | Int+4} (Okawaru gifted it to you on level 4 of the Lair of
                  | Beasts)
 17202 | Lair:4   | Received a gift from Okawaru
 17266 | Lair:4   | Found a hole to the Spider Nest.
 18522 | Lair:6   | Entered Level 6 of the Lair of Beasts
 18539 | Lair:6   | Reached skill level 18 in Fighting
 18640 | Lair:6   | Found a staircase to the Slime Pits.
 18661 | Lair:6   | Found a viscous altar of Jiyva.
 18712 | Lair:6   | Received a gift from Okawaru
 18950 | Lair:6   | Received a gift from Okawaru
 19017 | Lair:6   | Reached XP level 15. HP: 110/110 MP: 21/21
 19164 | Lair:6   | Reached skill level 19 in Fighting
 19576 | Lair:6   | Acquired the amulet of Starshine {Reflect rN+ Int+4 SH+5}
 19746 | Lair:6   | Identified the +2 broad axe "Mueff" {drain, rC+ MP+9 Int+3}
                  | (Okawaru gifted it to you on level 6 of the Lair of Beasts)
 19746 | Lair:6   | Received a gift from Okawaru
 19825 | Lair:6   | Reached skill level 20 in Fighting
 19934 | Lair:6   | Identified the +3 glaive "Dacoerod" {flame, rF+ Dex+2}
 20087 | Lair:6   | Acquired a manual of Shields
 20233 | Orc:1    | Entered Level 1 of the Orcish Mines
 20295 | Orc:1    | Found a runed translucent door.
 20298 | Orc:1    | Noticed Dootley's ghost (journeyman FoFi)
 20587 | Orc:1    | Noticed Nergalle
 20604 | Orc:1    | Killed Nergalle
 20667 | Orc:1    | You are sucked into a shaft and drop 1 floor!
 20667 | Orc:2    | Entered Level 2 of the Orcish Mines
 20905 | Orc:2    | Noticed Saint Roka
 20920 | Arena    | Entered the Arena
 20949 | Arena    | Killed Saint Roka
 21130 | Orc:2    | Noticed an orc warlord
 21155 | Orc:2    | Killed an orc warlord
 21157 | Orc:2    | Identified the +0 helmet "Qorierey" {rC+ rN+ Regen+ Str-4}
                  | (Okawaru gifted it to you on level 2 of the Orcish Mines)
 21157 | Orc:2    | Received a gift from Okawaru
 21216 | Orc:2    | Found a transporter.
 21217 | Orc:2    | Noticed atarun's ghost (journeyman MiBe)
 21221 | Orc:2    | Found a transporter.
 21334 | Orc:2    | Found Tikk's General Store.
 21341 | Orc:2    | Bought a potion of curing for 48 gold pieces
 21341 | Orc:2    | Bought a potion of haste for 160 gold pieces
 21371 | Orc:2    | Found Toafamil's Antique Armour Shoppe.
 21400 | Orc:2    | Found a staircase to the Elven Halls.
 21504 | Orc:2    | Found Byamaets's Jewellery Shoppe.
 21519 | Orc:2    | Found Ahurch's Antique Weapon Shoppe.
 21832 | Orc:1    | Killed Dootley's ghost
 22082 | D:13     | Found a gate to the Vaults.
 22807 | D:13     | Found Mobboaz's CLEARANCE SALE!.
 22815 | D:13     | Bought a potion of curing for 9 gold pieces
 22815 | D:13     | Bought a scroll of acquirement for 156 gold pieces
 22815 | D:13     | Bought a potion of attraction for 9 gold pieces
 22815 | D:13     | Acquired 1141 gold pieces
 23105 | D:13     | Reached XP level 16. HP: 120/120 MP: 22/22
 23156 | D:14     | Found an ancient bone altar of Kikubaaqudgha.
 23235 | D:14     | Reached skill level 10 in Maces & Flails
 23332 | D:14     | Reached skill level 21 in Fighting
 23627 | D:15     | Entered Level 15 of the Dungeon
 23664 | D:15     | Found a staircase to the Depths.
 23779 | D:15     | Found a frozen archway.
 23792 | D:15     | Received a gift from Okawaru
 23895 | IceCv    | Entered an ice cave
 24106 | Arena    | Entered the Arena
 24575 | IceCv    | Reached skill level 15 in Shields
 24952 | IceCv    | Identified the +7 chain mail of Altruism {rF++}
 25013 | IceCv    | Acquired a manual of Fighting
 25138 | D:15     | Identified the +3 pair of boots of Motte {rC+} (Okawaru
                  | gifted it to you on level 15 of the Dungeon)
 25138 | D:15     | Received a gift from Okawaru
 25413 | D:15     | Reached skill level 22 in Fighting
 25486 | D:15     | Reached XP level 17. HP: 123/128 MP: 23/23
 25732 | D:15     | Acquired the ring "Jaikh" {rElec rPois rC+++ Dex-3 SInv}
 25734 | D:15     | Acquired 744 gold pieces
 25996 | Spider:1 | Entered Level 1 of the Spider Nest
 26995 | Spider:2 | Noticed Arachne
 27038 | Spider:2 | Killed Arachne
 27450 | Spider:2 | Reached skill level 23 in Fighting
 27957 | Spider:2 | Acquired a manual of Invocations
 27959 | Spider:2 | Acquired 609 gold pieces
 27961 | Spider:2 | Acquired the ring "Raqilu" {rCorr EV+4 Stlth+}
 28086 | Spider:3 | Received a gift from Okawaru
 28794 | Spider:4 | Entered Level 4 of the Spider Nest
 29345 | Spider:4 | Received a gift from Okawaru
 29506 | Spider:4 | Reached skill level 24 in Fighting
 29837 | Spider:4 | Got a gossamer rune of Zot
 30123 | Shoals:1 | Entered Level 1 of the Shoals
 30170 | Shoals:1 | Reached XP level 18. HP: 140/140 MP: 24/24
 30241 | Shoals:1 | Noticed Aizul
 30253 | Shoals:1 | Reached skill level 15 in Armour
 30271 | Shoals:1 | Killed Aizul
 30275 | Shoals:1 | Identified the +9 plate armour of Vubliowk {Rampage rPois
                  | rC+++ Dex-3} (Okawaru gifted it to you on level 1 of the
                  | Shoals)
 30275 | Shoals:1 | Received a gift from Okawaru
 30900 | Shoals:1 | Reached skill level 25 in Fighting
 31451 | Shoals:2 | Identified the -2 buckler of Servitude {rElec Str+2 Dex+2
                  | Stlth-}
 31785 | Shoals:2 | Found a runed translucent gate.
 31787 | Shoals:2 | Found a runed translucent gate.
 31788 | Shoals:2 | Found a runed translucent gate.
 32081 | Shoals:2 | Received a gift from Okawaru
 32917 | Shoals:4 | Entered Level 4 of the Shoals
 33007 | Shoals:4 | Identified the +1 ring mail of Quiescent Freedom {rF+}
                  | (Okawaru gifted it to you on level 4 of the Shoals)
 33007 | Shoals:4 | Received a gift from Okawaru
 33227 | Shoals:4 | Reached skill level 26 in Fighting
 33236 | Shoals:4 | Reached XP level 19. HP: 148/148 MP: 25/25
 33460 | Shoals:4 | Noticed Ilsuiw
 33462 | Shoals:4 | Found Zayw's Antique Armour Shoppe.
 33498 | Shoals:4 | Killed Ilsuiw
 33633 | Shoals:4 | Got a barnacled rune of Zot
 33760 | Shoals:4 | Noticed Polyphemus
 33774 | Shoals:4 | Killed Polyphemus
 33854 | Shoals:4 | Found Ushruoh's Firing Range.
 34463 | Vaults:1 | Entered Level 1 of the Vaults
 34546 | Vaults:1 | Received a gift from Okawaru
 34680 | D:8      | Bought a scroll of enchant armour for 90 gold pieces
 34680 | D:8      | Bought a scroll of fear for 42 gold pieces
 34680 | D:8      | Bought a scroll of immolation for 42 gold pieces
 34872 | Vaults:1 | Reached skill level 1 in Axes
 35254 | Arena    | Entered the Arena
 35553 | Vaults:1 | Found a large runed translucent door.
 35553 | Vaults:1 | Found a large runed translucent door.
 35553 | Vaults:1 | Noticed zielscheibe's ghost (adept DsNe)
 36056 | Vaults:1 | Killed zielscheibe's ghost
 36070 | Vaults:1 | Identified the +2 hat of Time Monsters {rElec}
 36296 | Vaults:2 | Received a gift from Okawaru
 36390 | Vaults:2 | Found a staircase to the Crypt.
 36598 | Arena    | Entered the Arena
 36640 | Vaults:2 | Reached XP level 20. HP: 118/156 MP: 19/26
 36647 | Vaults:2 | Reached skill level 27 in Fighting
 36798 | Vaults:2 | Reached skill level 5 in Axes
 37589 | Vaults:2 | Found Ofuwug's Armour Shoppe.
 37854 | Vaults:3 | Received a gift from Okawaru
 37883 | Vaults:3 | Reached skill level 10 in Invocations
 38545 | Vaults:3 | Received a gift from Okawaru
 38778 | Vaults:3 | Identified the amulet "Gekk" {Spirit -Cast rPois Str+3
                  | Dex+6}
 38922 | Vaults:4 | Noticed Margery
 38923 | Arena    | Entered the Arena
 38938 | Arena    | Killed Margery
 39038 | Vaults:3 | Reached XP level 21. HP: 161/163 MP: 29/29
 39443 | Vaults:4 | Noticed quaternion's ghost (veteran MiFi)
 39790 | Vaults:4 | Found a transporter.
 39806 | Vaults:4 | Noticed a profane servitor
 39829 | Vaults:4 | Found a transporter.
 39970 | Vaults:4 | Received a gift from Okawaru
 41014 | Depths:1 | Entered Level 1 of the Depths
 41124 | Depths:1 | Received a gift from Okawaru
 41184 | Depths:1 | Reached skill level 10 in Axes
 41318 | Depths:1 | Found Fakkeadd's Weapon Boutique.
 41431 | Depths:1 | Found a gateway to Hell.
 41659 | Depths:2 | Paralysed by a floating eye for 4 turns
 41773 | Depths:2 | Received a gift from Okawaru
 41959 | Depths:2 | Found a one-way gateway to a ziggurat.
 42025 | Depths:2 | Found a runed translucent door.
 42092 | Depths:2 | Found a runed translucent door.
 42093 | Depths:2 | Found a runed translucent door.
 42237 | Depths:2 | Reached XP level 22. HP: 169/169 MP: 31/31
 42264 | Depths:2 | Found a one-way gate leading to the halls of Pandemonium.
 42361 | Depths:2 | Noticed a caustic shrike
 42361 | Depths:2 | Noticed a caustic shrike
 42361 | Depths:2 | Noticed a caustic shrike
 42387 | Depths:2 | Killed a caustic shrike
 42391 | Depths:2 | Killed a caustic shrike
 42412 | Depths:2 | Killed a caustic shrike
 42579 | Depths:2 | Received a gift from Okawaru
 43314 | Depths:2 | Noticed a caustic shrike
 43328 | Depths:2 | Killed a caustic shrike
 43374 | Depths:2 | Identified the ring of the Amoeba {Drain Fly rPois rF+ rN+}
 43388 | Depths:2 | Found a runed translucent door.
 43434 | Depths:2 | Identified the ring of the Stallion {Wiz Str+4 Int+2 Dex-2}
 43445 | Depths:2 | Identified the ring of Daijeng {Fly Dex+4}
 43456 | Depths:2 | Reached skill level 15 in Axes
 43463 | Depths:2 | Identified the ring "Iraem" {Str+6 SInv}
 43621 | Depths:3 | Noticed Mara
 43622 | Arena    | Entered the Arena
 43632 | Arena    | Noticed protoss039's illusion
 43637 | Arena    | Killed Mara
 43978 | Depths:3 | Identified the +7 flail of Ancient Evil {vorpal, *Rage
                  | Str+7} (Okawaru gifted it to you on level 3 of the Depths)
 43978 | Depths:3 | Received a gift from Okawaru
 44123 | Depths:3 | Found a one-way gate to the infinite horrors of the Abyss.
 44678 | Depths:4 | Entered Level 4 of the Depths
 44840 | Depths:4 | Found an opulent altar of Gozag.
 44947 | Depths:4 | Identified the +1 ring mail of Free Will {rF- Str+9 Dex-2}
                  | (Okawaru gifted it to you on level 4 of the Depths)
 44947 | Depths:4 | Received a gift from Okawaru
 45085 | Depths:4 | Reached XP level 23. HP: 175/175 MP: 32/32
 45147 | Depths:4 | Found a portal to a secret trove of treasure.
 45621 | Depths:4 | Found a gate to the Realm of Zot.
 46206 | Elf:1    | Entered Level 1 of the Elven Halls
 46645 | Elf:1    | Found an ancient bone altar of Kikubaaqudgha.
 46801 | Elf:1    | Noticed Nyzosoo's ghost (adept OgBe)
 46804 | Elf:1    | Found a bloodstained altar of Trog.
 46811 | Elf:1    | Found a transporter.
 46828 | Elf:1    | Found a transporter.
 47130 | Arena    | Entered the Arena
 47226 | Elf:1    | Killed Nyzosoo's ghost
 47450 | Elf:2    | Found Tik Geab's Magic Scroll Shoppe.
 47504 | Elf:2    | Bought a scroll of fog for 30 gold pieces
 47504 | Elf:2    | Bought a scroll of enchant weapon for 112 gold pieces
 47504 | Elf:2    | Bought a scroll of teleportation for 45 gold pieces
 47608 | Elf:2    | Noticed Jorgrun
 47637 | Elf:2    | Killed Jorgrun
 47713 | Elf:2    | Received a gift from Okawaru
 47778 | Elf:2    | Found Buqot's Book Shop.
 47778 | Elf:2    | Found Raennuva's Jewellery Emporium.
 47779 | Elf:2    | Found Damiarr's Jewellery Emporium.
 47792 | Elf:2    | Bought a ring of protection from fire for 375 gold pieces
 47945 | Elf:2    | Found a runed translucent gate.
 47945 | Elf:2    | Found a runed translucent gate.
 47946 | Elf:2    | Found a runed translucent gate.
 47948 | Elf:2    | Received a gift from Okawaru
 48130 | Elf:2    | Cast into level 2 of the Abyss (+0 short sword of
                  | distortion)
 48480 | Elf:2    | Escaped the Abyss
 48779 | Elf:3    | Entered Level 3 of the Elven Halls
 49034 | Elf:3    | Found Subrur's Assorted Antiques.
 49036 | Elf:3    | Found Vaokhluq's General Store.
 49036 | Elf:3    | Found Ixuiv's Antique Armour Emporium.
 49041 | Elf:3    | Bought a scroll of fear for 101 gold pieces
 49041 | Elf:3    | Found Doma's Armour Shoppe.
 49043 | Elf:3    | Bought a potion of haste for 290 gold pieces
 49046 | Elf:3    | Bought 2 scrolls of enchant armour for 240 gold pieces
 49052 | Elf:3    | Bought a pair of runed gloves for 120 gold pieces
 49155 | Elf:3    | Received a gift from Okawaru
 49155 | Elf:3    | Identified the +6 short sword "Decwuosk" {holy, Int+2}
 49156 | Elf:3    | Reached XP level 24. HP: 169/181 MP: 32/32
 49299 | Arena    | Entered the Arena
 49426 | Elf:3    | Identified the +8 dagger of Resourcefulness {drain, *Noise
                  | Will++ Dex+2 SInv}
 49487 | Elf:3    | Got the Collected Works on Harmful Stones
 49493 | Elf:3    | Identified the ring "Inurphofy" {rN+ Will+}
 49632 | Elf:3    | Found Sayfaur's Book Shop.
 49774 | Elf:3    | Identified the +7 hand axe "Mubac" {vorpal, rElec rC+ rN+}
 49798 | Elf:3    | Identified the +7 dagger "Enudghuh" {flame, rElec}
 50241 | Vaults:5 | Entered Level 5 of the Vaults
 50333 | Vaults:5 | Identified the +0 scale mail of Biywn {Dex+2} (Okawaru
                  | gifted it to you on level 5 of the Vaults)
 50333 | Vaults:5 | Received a gift from Okawaru
 50592 | Vaults:5 | Noticed a dread lich
 50616 | Vaults:5 | Killed a dread lich
 50634 | Vaults:5 | Reached XP level 25. HP: 187/187 MP: 32/32
 50654 | Vaults:5 | Noticed an ancient lich
 50668 | Vaults:5 | Killed an ancient lich
 50668 | Vaults:5 | Received a gift from Okawaru
 50674 | Vaults:5 | Noticed a dread lich
 50705 | Vaults:5 | Killed a dread lich
 50932 | Vaults:5 | Found Kiosomp's Magic Scroll Shop.
 50941 | Vaults:5 | Received a gift from Okawaru
 50946 | Vaults:5 | Bought a scroll of enchant armour for 150 gold pieces
 50946 | Vaults:5 | Bought a scroll of fog for 40 gold pieces
 50946 | Vaults:5 | Bought a scroll of brand weapon for 400 gold pieces
 50946 | Vaults:5 | Bought a scroll of teleportation for 60 gold pieces
 50946 | Vaults:5 | Bought a scroll of teleportation for 60 gold pieces
 50946 | Vaults:5 | Acquired the +3 pair of gauntlets of War {Slay+5}
 50946 | Vaults:5 | Found the +3 pair of gauntlets of War {Slay+5}
 50966 | Vaults:5 | Found Zuaq's Distillery.
 50971 | Vaults:5 | Bought a potion of berserk rage for 70 gold pieces
 50971 | Vaults:5 | Bought a potion of curing for 42 gold pieces
 50971 | Vaults:5 | Bought a potion of curing for 42 gold pieces
 50971 | Vaults:5 | Bought a potion of curing for 42 gold pieces
 50971 | Vaults:5 | Bought a potion of invisibility for 112 gold pieces
 50971 | Vaults:5 | Bought a potion of might for 56 gold pieces
 50971 | Vaults:5 | Bought a potion of curing for 42 gold pieces
 50971 | Vaults:5 | Bought a potion of resistance for 140 gold pieces
 51020 | Vaults:5 | Got a silver rune of Zot
 51080 | Vaults:5 | Noticed an ancient lich
 51106 | Vaults:5 | Killed an ancient lich
 52201 | Zot:1    | Entered Level 1 of the Realm of Zot
 52819 | Zot:1    | Received a gift from Okawaru
 53352 | Depths:4 | You paid a toll of 4 potions of resistance to enter a
                  | treasure trove
 53353 | Trove    | Entered a treasure trove
 53367 | Trove    | Found the +14 obsidian axe {vorpal, Mesm Drain Fly SInv}
 53380 | Trove    | Identified the ring of Free Expression {Will+ Dex+6}
 53384 | Trove    | Identified the ring of the Devouring Seeker {rN+ Will+
                  | Int-5 SInv}
 53996 | Zot:2    | Received a gift from Okawaru
 55054 | Zot:3    | Reached XP level 26. HP: 193/193 MP: 32/32
 55087 | Zot:3    | Identified the +6 plate armour of Indomitability {rC+ Dex+2
                  | Slay+2} (Okawaru gifted it to you on level 3 of the Realm
                  | of Zot)
 55087 | Zot:3    | Received a gift from Okawaru
 56368 | Zot:5    | Entered Level 5 of the Realm of Zot
 56519 | Zot:5    | Found a shimmering blue altar of Sif Muna.
 56643 | Zot:5    | Found a radiant altar of Vehumet.
 57372 | Zot:5    | Received a gift from Okawaru
 57415 | Zot:5    | Noticed a Killer Klown
 57440 | Zot:5    | Noticed a dread lich
 57453 | Zot:5    | Noticed an orb of fire
 57459 | Arena    | Entered the Arena
 57481 | Arena    | Gained mutation: You are weak. (Str -2) [an orb of fire]
 57483 | Arena    | Gained mutation: Potions are less effective at restoring
                  | your health. [an orb of fire]
 57484 | Arena    | Gained mutation: You are very weak. (Str -4) [an orb of
                  | fire]
 57486 | Arena    | Killed an orb of fire
 57486 | Arena    | Received a gift from Okawaru
 57514 | Zot:5    | Killed a dread lich
 57528 | Zot:5    | Noticed an orb of fire
 57530 | Arena    | Entered the Arena
 57532 | Arena    | Gained mutation: Your body sometimes deteriorates upon
                  | taking damage. [an orb of fire]
 57534 | Arena    | Gained mutation: You are partially covered in large bone
                  | plates. (SH +4) [an orb of fire]
 57552 | Arena    | Killed an orb of fire
 57564 | Zot:5    | Identified the +1 chain mail "Juesanko" {Rampage Will++
                  | Str-3}
 57567 | Zot:5    | Killed a Killer Klown
 57591 | Zot:5    | Noticed an orb of fire
 57605 | Zot:5    | Lost mutation: You are very weak. (Str -4) [an orb of fire]
 57614 | Zot:5    | Noticed a Killer Klown
 57616 | Zot:5    | Killed an orb of fire
 57642 | Zot:5    | Killed a Killer Klown
 57795 | Zot:5    | Reached XP level 27. HP: 199/199 MP: 32/32
 57846 | Zot:5    | Noticed an orb of fire
 57848 | Zot:5    | Noticed an ancient lich
 57849 | Arena    | Entered the Arena
 57863 | Arena    | Gained mutation: Potions cannot restore your health. [an
                  | orb of fire]
 57866 | Arena    | Killed an orb of fire
 57887 | Zot:5    | Noticed an orb of fire
 57892 | Arena    | Entered the Arena
 57902 | Arena    | Gained mutation: You are clumsy. (Dex -2) [an orb of fire]
 57919 | Arena    | Killed an orb of fire
 57919 | Arena    | Identified the +11 morningstar of Incongruity {venom, *Rage
                  | rN++ Dex+2} (Okawaru gifted it to you in the Arena)
 57919 | Arena    | Received a gift from Okawaru
 57970 | Zot:5    | Killed an ancient lich
 58748 | Slime:1  | Entered Level 1 of the Pits of Slime
 58769 | Slime:1  | Gained mutation: Your magical capacity is low. (-10% MP) [a
                  | shining eye]
 58821 | Slime:1  | Gained mutation: Your magical capacity is very low. (-20%
                  | MP) [a shining eye]
 59206 | Slime:3  | Received a gift from Okawaru
 59336 | Slime:4  | Noticed Dissolution
 59351 | Slime:3  | Killed Dissolution
 59352 | Slime:3  | Reached skill level 15 in Maces & Flails
 59388 | Slime:4  | Received a gift from Okawaru
 59862 | Slime:5  | Entered Level 5 of the Pits of Slime
 60032 | Slime:5  | Identified the +7 morningstar of Vajiosh {vorpal, Fly rElec
                  | Str+4} (Okawaru gifted it to you on level 5 of the Pits of
                  | Slime)
 60032 | Slime:5  | Received a gift from Okawaru
 60139 | Slime:5  | Found a viscous altar of Jiyva.
 60171 | Slime:5  | Noticed the Royal Jelly
 60210 | Slime:5  | Killed the Royal Jelly
 60211 | Slime:5  | Reached skill level 15 in Invocations
 60267 | Slime:5  | Identified the +8 hand axe "Doawiek" {pain, *Slow rElec
                  | rPois}
 60285 | Slime:5  | Got Sif Muna's Catalogue of the Shifting Glacier
 60336 | Slime:5  | Got a slimy rune of Zot
 60481 | Slime:5  | Identified the +5 broad axe of Soisheg {speed, Str+2}
 60491 | Slime:5  | Identified the +6 long sword of the Howling One {vorpal,
                  | rPois Stlth+}
 60896 | Depths:3 | Voluntarily entered the Abyss.
 60922 | Abyss:1  | Found a corrupted altar of Lugonu.
 61804 | Abyss:1  | Found a corrupted altar of Lugonu.
 61907 | Abyss:1  | Noticed an ancient lich
 61920 | Abyss:1  | Killed an ancient lich
 61953 | Abyss:2  | Found a radiant altar of Vehumet.
 62541 | Abyss:3  | Gained mutation: Your magical capacity is extremely low.
                  | (-30% MP) [a neqoxec]
 63136 | Abyss:3  | Paralysed by accursed screaming for 1 turns
 63229 | Abyss:3  | Gained mutation: You are very weak. (Str -4) [a neqoxec]
 63369 | Abyss:4  | Noticed an ancient lich
 63373 | Abyss:4  | Killed an ancient lich
 63426 | Depths:3 | Escaped the Abyss
 63428 | Depths:3 | Voluntarily entered the Abyss.
 63515 | Abyss:1  | Paralysed by accursed screaming for 1 turns
 64028 | Abyss:1  | Lost mutation: You are very weak. (Str -4) [potion of
                  | mutation]
 64028 | Abyss:1  | Lost mutation: You are very clumsy. (Dex -4) [potion of
                  | mutation]
 64028 | Abyss:1  | Gained mutation: Your flesh is heat resistant. (rF+)
                  | [potion of mutation]
 64028 | Abyss:1  | Lost mutation: Potions cannot restore your health. [potion
                  | of mutation]
 64028 | Abyss:1  | Lost mutation: You are weak. (Str -2) [potion of mutation]
 64815 | Abyss:3  | Found a shimmering altar of Xom.
 64816 | Abyss:3  | Found a shimmering altar of Xom.
 64817 | Abyss:3  | Found a shimmering altar of Xom.
 64817 | Abyss:3  | Found a corrupted altar of Lugonu.
 64818 | Abyss:3  | Found a shimmering altar of Xom.
 64819 | Abyss:3  | Found a shimmering altar of Xom.
 64819 | Abyss:3  | Found a shimmering altar of Xom.
 64819 | Abyss:3  | Found a shimmering altar of Xom.
 64820 | Abyss:3  | Found a shimmering altar of Xom.
 64820 | Abyss:3  | Found a shimmering altar of Xom.
 64820 | Abyss:3  | Found a shimmering altar of Xom.
 64820 | Abyss:3  | Found a shimmering altar of Xom.
 65099 | Abyss:3  | Found a corrupted altar of Lugonu.
 65519 | Abyss:3  | Paralysed by accursed screaming for 1 turns
 65528 | Abyss:3  | Gained mutation: You are very clumsy. (Dex -4) [a neqoxec]
 65541 | Abyss:3  | Gained mutation: You tend to lose your temper in combat. [a
                  | neqoxec]
 66221 | Abyss:4  | Found a corrupted altar of Lugonu.
 66254 | Abyss:4  | Found a corrupted altar of Lugonu.
 66281 | Abyss:4  | Lost intelligence.
 66473 | Abyss:4  | Found a shimmering blue altar of Sif Muna.
 66503 | Abyss:4  | Got Cuzusaeb's Reference Book on Envenoming
 66507 | Abyss:4  | Found a shimmering blue altar of Sif Muna.
 66910 | Abyss:4  | Found a runed translucent door.
 67034 | Abyss:4  | Gained mutation: You are dopey. (Int -2) [a neqoxec]
 67035 | Abyss:4  | Gained mutation: You are occasionally teleported next to
                  | monsters. [a neqoxec]
 67207 | Abyss:4  | Gained mutation: Your spells are a little easier to cast,
                  | but a little less powerful. [a neqoxec]
 67211 | Abyss:4  | Lost mutation: You tend to lose your temper in combat.
                  | [potion of mutation]
 67211 | Abyss:4  | Lost mutation: Your body sometimes deteriorates upon taking
                  | damage. [potion of mutation]
 67211 | Abyss:4  | Lost mutation: Potions cannot restore your health. [potion
                  | of mutation]
 67211 | Abyss:4  | Lost mutation: You are dopey. (Int -2) [potion of mutation]
 67211 | Abyss:4  | Gained mutation: You are partially covered in iridescent
                  | scales. (AC +2) [potion of mutation]
 67251 | Abyss:5  | Entered Level 5 of the Abyss
 67441 | Abyss:5  | Noticed a dread lich
 67465 | Abyss:5  | Killed a dread lich
 67534 | Abyss:5  | Paralysed by accursed screaming for 2 turns
 67610 | Depths:3 | Escaped the Abyss
 67664 | Hell     | Entered the Vestibule of Hell
 67664 | Hell     | Noticed Geryon
 67707 | Hell     | HP: 14/298 [reaper/+2 scythe of venom (7)]
 67709 | Hell     | Slain by a reaper

Illustrated notes

Levels and vault maps discovered:
D:1:      minmay_arrival_semitransparent, layout_basic, serial_shops,
          nicolae_shop_competitors_out_of_business, shop,
          nicolae_shop_waterfront, nicolae_shop_statue_plus
D:2:      layout_rooms
D:3:      layout_loops_ring, serial_shops, nicolae_shop_trees,
          hellmonk_ecumenical_altar_zigzags, kennysheep_nub
D:4:      gammafunk_wand_slinger, layout_loops_cross, lemuel_crystal_altar,
          uniq_robin
D:5:      layout_basic, lightli_sewer_entry_pipes, serial_shops,
          nicolae_shop_bloodbath_and_beyond
D:6:      layout_basic, lightli_ossuary_entry_decrepit_ruins, interstate_on_off
D:7:      minmay_chambers_of_sixes, layout_gridville,
          minmay_temple_entry_stoned_glass, dk_rats_in_the_wall
D:8:      layout_rooms, led_sif_book, mainiacjoe_overflow_six_doors_small,
          mainiacjoe_overflow_concentric_impassable, serial_shops, shop,
          nicolae_stop_n_shop_1, shop, uniq_psyche, uniq_grum, uniq_harold
D:9:      layout_loops_corners, doesnt_xom_only_xom
D:10:     layout_roguey, nicolae_dithmenos_shadow_blocks,
          nicolae_overflow_hidden_temple, nicolae_wu_jian_glorious_leap,
          grunt_lair_entry_orc_guard_hut, enter_bailey_8
D:11:     layout_layer_cave, orc_0_dummy
D:12:     hellmonk_paralyzer, layout_loops_ring, minmay_misc_feat_rows
D:13:     minmay_angry_zag, layout_grid_maze, david_vaults_2,
          nicolae_shop_clearance
D:14:     hellmonk_destroyed_diamonds, layout_rooms, kiku_gazebo_pond_becter
D:15:     gammafunk_depths_entry_grave, layout_stronghold,
          portal_ice_cave_entry_ice_simulacra, palyth_stone_intersect
Temple:   minmay_temple_curvy_branch
Lair:1:   gammafunk_boulding_lane, layout_misc_corridors, grunt_megastairs_3
Lair:2:   layout_small_grid, beast_lair_carwin_3, serial_bayou_shore_b
Lair:3:   layout_concentric_octagons, minmay_shoals_entry_centaurs,
          uniq_gastronok
Lair:4:   layout_regular_city, spider_nest_entry_rubble, grunt_megastairs_4
Lair:5:   layout_regular_city, chequers_serial_rivers_micro_d
Lair:6:   due_jungle_book, layout_loops_ring, slime_altar_1,
          lemuel_fruit_fields, lemuel_fruit_fields
Shoals:1: layout_shoals, nicolae_shoals_flooded_hall, uniq_aizul
Shoals:2: layout_shoals, abandoned_shop, nicolae_shoals_beach_cooler
Shoals:3: layout_shoals, centaur_isle
Shoals:4: shoals_end_grunt_garden, layout_shoals, shoals_ilsuiw_ice,
          serial_shops, shop_fountains, nicolae_shop_firing_range,
          uniq_polyphemus
Spider:1: layout_spider_delve
Spider:2: layout_chambers, hangedman_spider_tarantella_strand, uniq_arachne
Spider:3: layout_cave_pods
Spider:4: grunt_spider_rune_parallel
Slime:1:  layout_caves
Slime:2:  layout_caves
Slime:3:  layout_caves, special_room [special_room_jelly]
Slime:4:  layout_caves, uniq_dissolution
Slime:5
Orc:1:    layout_caves, hellmonk_ghost_happy_afterlife, uniq_nergalle
Orc:2:    grunt_orc_cross, layout_diamond_mine, gammafunk_ghost_arena,
          uniq_saint_roka
Elf:1:    elf_arrival_001, layout_gridlike, gammafunk_ghost_wrathful_warriors,
          basic_altar, hangedman_elven_crosses_minicolossus
Elf:2:    nicolae_elf_blades_splatter_lattice [infiniplex_blade_entry_pillars],
          layout_loops_ring, serial_shops, shop, minmay_shop_grove, uniq_jorgrun
Elf:3:    grunt_elf_hall_branching, layout_geoelf_octagon, serial_shops,
          nicolae_square_shop, minmay_shoptagon
Vaults:1: advil_vaults_ghost_guards, nicolae_vaults_triangles, v_misc_17,
          v_misc_5, v_misc_30, vaults_dpeg_spiral, vaults_dpeg_hooks,
          vaults_room_pool, nicolae_vaults_alarming, layout_vaults_omnigrid
Vaults:2: ontoclasm_vaults_ligature, vaults_room_corners,
          minmay_crypt_entry_skeletal_spiral, v_misc_22,
          hangedman_vaults_variations, vaults_dpeg_encased_lava,
          ontoclasm_vaults_eye, hangedman_vaults_slice,
          nicolae_vaults_border_crossing, v_pattern_4,
          nicolae_vaults_little_squares_4, layout_vaults_omnicross,
          serial_shops, nicolae_square_shop
Vaults:3: v_misc_18, nicolae_vaults_gold_heap, vaults_room_ringed_pool,
          nicolae_vaults_three_branches, hangedman_vaults_nodes,
          nicolae_vaults_angled_halls, nicolae_vaults_circle_grid_b,
          nicolae_vaults_shelves_hall, hangedman_vaults_trim,
          ontoclasm_vaults_twist, vaults_standard_mumra_x,
          nicolae_vaults_murderbox, nicolae_vaults_network_quinsquares
          [nicolae_vaults_network_quincunx_subvault,
          nicolae_vaults_network_quincunx_subvault,
          nicolae_vaults_network_quincunx_subvault,
          nicolae_vaults_network_quincunx_subvault], nicolae_vaults_little_ls,
          v_misc_19, grunt_vaults_hallway_long, layout_vaults_maze_bifur
Vaults:4: gammafunk_ghost_abyssal_escape, nicolae_vaults_asterisk,
          grunt_vaults_twisty, vaults_mumra_hexcomb,
          nicolae_vaults_quartermaster, nicolae_vaults_mini_display_case,
          vaults_room_grid, vaults_room_door_hall, vaults_dpeg_diagonal,
          hangedman_vaults_slice, ontoclasm_vaults_fault,
          layout_vaults_chaotic_city, uniq_margery
Vaults:5: serial_shops
Depths:1: layout_forbidden_donut, minmay_misc_feat_doors, hell_entry,
          minmay_shop_grid_forest, grunt_ministairs_5,
          kilobyte_mutagenic_chamber
Depths:2: minmay_the_grid_triangle_9x9_line_8_mashed
          [minmay_the_grid_triangle_9x9_fully_insulated_deathbox,
          minmay_the_grid_triangle_9x9_checkered,
          minmay_the_grid_triangle_9x9_steps,
          minmay_the_grid_triangle_9x9_zippers_vertical,
          minmay_the_grid_triangle_9x9_swiss_cheese,
          minmay_the_grid_triangle_9x9_subtriangle,
          minmay_the_grid_triangle_9x9_skeleton,
          minmay_the_grid_triangle_9x9_prize_special], layout_cave_shapes,
          enter_ziggurat_c, pf_hell_entry_tar_spiral, grunt_pan_entry_sceptre,
          chequers_serial_rivers_micro_d, drop_trap,
          minmay_misc_feat_more_columns
Depths:3: kennysheep_blocky_hall, layout_basic, pf_dread_powers_of_hell,
          abyss_entry_crystal, hangedman_decor_peaks_small,
          infiniplex_staircase_pool_2, uniq_mara
Depths:4: evilmike_zot_entry_hall, layout_gridlike, pf_coc_iceberg,
          grunt_gozag_statues, minmay_room_of_horrors, trove_entry_hex_spiral,
          chequers_serial_rivers_room_b
Hell
Zot:1:    layout_gridlike
Zot:2:    hangedman_snap_crack_crunch, layout_concentric_octagons
Zot:3:    layout_gridlike, grunt_megastairs_2
Zot:4:    layout_gridlike
Zot:5:    layout_concentric_octagons, hangedman_feature_mirror,
          skrybe_zot_glass_3

Skill      XL: |  1  2  3  4  5  6  7  8  9 10 11 12 13 14 15 16 17 18 19 20 21 22 23 24 25 26 27 |
---------------+----------------------------------------------------------------------------------+-----
Throwing       | 2 |  2.0
Dodging        | 3 |  3.0
Fighting       | 3 4 5 6 7 9 11 14 17 18 20 22 24 26 27 | 27.0
Armour         | 1 3 4 6 8 9 10 12 13 14 16 17 18 19 23 24 25 | 25.5
Maces & Flails | 4 5 6 7 8 9 11 12 16 | 16.3
Invocations    | 1 4 7 8 9 11 12 15 | 15.7
Shields        | 3 5 7 9 10 12 13 15 17 19 20 21 24 | 24.0
Axes           | 4 8 12 16 19 22 23 | 23.0

Action                   |  1- 3 |  4- 6 |  7- 9 | 10-12 | 13-15 | 16-18 | 19-21 | 22-24 | 25-27 || total
-------------------------+-------+-------+-------+-------+-------+-------+-------+-------+-------++-------
Melee: Flail             |    97 |    10 |       |       |       |       |       |       |       ||   107
       Whip              |       |    94 |    53 |       |       |       |       |       |       ||   147
       War axe           |       |    10 |   242 |   410 |  1062 |  1823 |  1950 |  2154 |  4507 || 12158
       Punch             |       |       |     2 |       |       |       |       |       |       ||     2
       Broad axe         |       |       |       |    20 |    47 |    43 |     5 |       |       ||   115
       Eveningstar       |       |       |       |       |       |       |   118 |    23 |    10 ||   151
       Morningstar       |       |       |       |       |       |       |       |       |   107 ||   107
       Unarmed           |       |       |       |       |       |       |       |       |     1 ||     1
Throw: Throwing net      |     2 |       |       |       |       |       |       |       |    12 ||    14
Invok: Heroism           |       |       |       |     2 |     4 |     2 |       |       |       ||     8
       Finesse           |       |       |       |       |     3 |     4 |     5 |     6 |    13 ||    31
       Duel              |       |       |       |       |     1 |     1 |     3 |     3 |     4 ||    12
Evoke: Wand              |       |     2 |       |     7 |       |       |     2 |       |     1 ||    12
  Use: Scroll            |     1 |       |    18 |     8 |     9 |    10 |     2 |     3 |     5 ||    56
       Potion            |       |       |       |       |     2 |     5 |     1 |     3 |    12 ||    23
 Stab: Sleeping          |     1 |       |       |       |       |       |       |       |       ||     1
       Paralysed         |       |     5 |       |     7 |       |       |       |       |       ||    12
       Petrified         |       |       |       |       |       |       |     4 |       |       ||     4
       Held in net/web   |       |       |       |       |       |       |     1 |       |     7 ||     8
       Confused          |       |       |       |       |       |       |       |       |     5 ||     5
       Invisible         |       |       |       |       |       |       |       |       |    10 ||    10
       Distracted        |       |       |       |       |       |       |       |       |     1 ||     1
Armor: Leather armour    |    32 |       |       |       |       |       |       |       |       ||    32
       Chain mail        |    21 |    67 |   184 |       |       |       |       |       |       ||   272
       Crystal plate arm |       |       |    41 |   550 |  1264 |  2338 |   204 |       |       ||  4397
       Plate armour      |       |       |       |       |       |       |  1272 |   954 |  2098 ||  4324
Dodge: Dodged            |    55 |    35 |   131 |   181 |   396 |   899 |   485 |   320 |   760 ||  3262
Block: Kite shield       |       |       |    30 |   315 |   995 |  2562 |   621 |       |       ||  4523
       Reflection        |       |       |       |       |    14 |   103 |    98 |    81 |    80 ||   376
       Tower shield      |       |       |       |       |       |       |  1979 |  2094 |  4987 ||  9060
